 Dungeon Crawl Stone Soup version 0.30-a0-1016-gfb0d676c02 (webtiles) character file.

Game seed: 11129823541760663697

1000 CornPuffBuddha the Skirmisher (level 8, -6/63 HPs)
             Began as a Gnoll Hunter on Apr 6, 2023.
             Was an Initiate of Gozag.
             Mangled by a killer bee (8 damage)
             ... on level 5 of the Dungeon on Apr 7, 2023.
             The game lasted 00:09:19 (3685 turns).

CornPuffBuddha the Skirmisher (Gnoll Hunter)        Turns: 3685, Time: 00:09:20

Health: -6/63      AC:  4    Str: 12    XL:     8   Next: 19%
Magic:  12/12      EV: 14    Int:  8    God:    Gozag
Gold:   463        SH:  0    Dex: 17    Spells: 13/13 levels left

rFire   . . .      SeeInvis .    a - +0 shortbow
rCold   . . .      Faith    .    (shield currently unavailable)
rNeg    . . .      Spirit   .    c - +0 leather armour
rPois   .          Reflect  .    k - +0 helmet
rElec   .          Rampage  .    (no cloak)
rCorr   .                        (no gloves)
Will    .....                    (no boots)
Stlth   +++                      (no amulet)
HPRegen 0.30/turn                (no ring)
MPRegen 0.13/turn                (no ring)

@: lethally poisoned (-6 -> -8)
A: fangs 1, strong nose, distributed training
a: Renounce Religion, Potion Petition, Call Merchant, Bribe Branch


You were on level 5 of the Dungeon.
You worshipped Gozag.
Gozag was aware of your devotion.
You visited 1 branch of the dungeon, and saw 5 of its levels.

You collected 463 gold pieces.

Inventory:

Hand Weapons
 a - a +0 shortbow (weapon)
Missiles
 n - 9 javelins
Armour
 c - a +0 leather armour (worn)
 k - a +0 helmet (worn)
Jewellery
 l - a ring of ice
Scrolls
 b - 3 scrolls of immolation
 f - a scroll of torment {unknown}
 h - 2 scrolls of noise {unknown}
 i - a scroll of fear {unknown}
 j - 2 scrolls of blinking
 p - a scroll of enchant armour {unknown}
 r - a scroll of vulnerability {unknown}
 s - 3 scrolls of identify {unknown}
 t - a scroll of teleportation {unknown}
 u - a scroll of acquirement {unknown}
Potions
 d - 2 potions of flight {unknown}
 e - a potion of magic
 g - a potion of haste {unknown}
 m - a potion of resistance {unknown}
 o - 2 potions of ambrosia {unknown}
 q - a potion of might {unknown}
 v - a potion of lignification {unknown}


   Skills:
 + Level 5.6 Fighting
 + Level 3.1 Short Blades
 + Level 3.1 Long Blades
 + Level 3.1 Axes
 + Level 3.1 Maces & Flails
 + Level 3.1 Polearms
 + Level 3.1 Staves
 + Level 9.1 Ranged Weapons
 + Level 3.1 Throwing
 + Level 3.1 Armour
 + Level 5.6 Dodging
 + Level 4.0 Stealth
 + Level 3.1 Shields
 + Level 3.1 Unarmed Combat
 + Level 3.1 Spellcasting
 + Level 2.5 Conjurations
 + Level 2.5 Hexes
 + Level 2.5 Summonings
 + Level 2.5 Necromancy
 + Level 2.5 Translocations
 + Level 2.5 Transmutations
 + Level 2.5 Fire Magic
 + Level 2.5 Ice Magic
 + Level 2.5 Air Magic
 + Level 2.5 Earth Magic
 + Level 2.5 Poison Magic
 + Level 3.5 Invocations
 + Level 3.1 Evocations


You had 13 spell levels left.
You didn't know any spells.
Your spell library contained the following spells:

 Spells                   Type           Power      Damage    Failure   Level
 Apportation              Tloc           10%        N/A       14%         1
 Necrotise                Necr           20%        1d5       14%         1
 Summon Small Mammal      Summ           20%        N/A       14%         1
 Frozen Ramparts          Ice            10%        1d2       38%         3
 Ice Form                 Ice/Tmut       5%         N/A       80%         4
 Summon Ice Beast         Ice/Summ       5%         N/A       80%         4


Dungeon Overview and Level Annotations

Branches:
Dungeon (5/15)             Temple (0/1) D:4

Altars:
Ashenzari
Elyvilon
Fedhas
Gozag
Trog
Wu Jian

Shops:
D:2 (


Innate Abilities, Weirdness & Mutations

You have very sharp teeth.
Your uncanny sense of smell can sniff out nearby items.
Your experience applies equally to all skills.


Message History

Fire: a) +0 shortbow
Press: ? - help, Shift-Dir - straight line, f/p - killer bee
Aim: a killer bee (almost dead, 42% to hit)
You shoot an arrow.
The arrow hits the killer bee but does no damage.
The killer bee is almost dead.
You feel very sick. The killer bee closely misses you.
The killer bee stings you!
Fire: a) +0 shortbow
Press: ? - help, Shift-Dir - straight line, f/p - killer bee
Aim: a killer bee (almost dead, 42% to hit)
You shoot an arrow. The arrow misses the killer bee.
The arrow hits the iguana.
The iguana is moderately wounded.
You feel sick. The killer bee barely misses you.
The killer bee completely misses you.
Fire: a) +0 shortbow
Press: ? - help, Shift-Dir - straight line, f/p - killer bee
Aim: a killer bee (almost dead, 42% to hit)
You shoot an arrow. The arrow barely misses the killer bee.
The arrow hits the iguana but does no damage.
The iguana is moderately wounded.
You feel sick. The killer bee closely misses you.
The killer bee stings you but does no damage.
The killer bee closely misses you.
Fire: a) +0 shortbow
Press: ? - help, Shift-Dir - straight line, f/p - killer bee
Aim: a killer bee (almost dead, 42% to hit)
You shoot an arrow.
The arrow closely misses the killer bee.
The arrow barely misses the iguana.
You feel sick. The killer bee stings you.
* * * LOW HITPOINT WARNING * * *
The killer bee stings you.
* * * LOW HITPOINT WARNING * * *
Okay, then.
It was a potion of magic.
Magic courses through your body.
You feel sick. The killer bee stings you!
* * * LOW HITPOINT WARNING * * *
The killer bee stings you!
You die...
Your body crumbles into a pile of gold.

#?y#.####.#.......#. #?l#.#
#.#.......#. #..###.#
#.#.......#. #
###$####.#.......#. #.....#
..##.#..##.......#. ###.....###.
#.#..##.......#. #.......#..#
#)#)####....###.
#.......#..####.#....'....'...
#.......###ly@.##.88.#....#...
#.........#######.88.#....#...
#...............#....#....#...
####...............######....###+
.)....###+####'######......###...
......'....#........#......#.....
......#....#........#......#.....
.....<#....'........'......#.....
......#..>.#........#......#.....


You could see an iguana and a killer bee.

Vanquished Creatures
  Grinder (D:4)
  Menkaure (D:4)
  A water moccasin (D:5)
  A centaur (D:5)
  2 scorpions
  An orc priest (D:4)
  A hound (D:5)
  A gnoll bouda (D:3)
  Terence (D:3)
  3 iguanas
  Robin (D:2)
  8 gnolls
  2 adders
  A worm (D:4)
  4 dart slugs
  13 orcs
  3 bats
  6 endoplasms
  2 giant cockroaches
  10 hobgoblins
  6 quokkas
  10 ball pythons
  2 frilled lizards
  18 goblins
  9 kobolds
  4 rats
112 creatures vanquished.

Vanquished Creatures (others)
  A goblin (D:2)
  7 plants (D:3)
8 creatures vanquished.

Grand Total: 120 creatures vanquished

Notes
Turn   | Place    | Note
-------+----------+-------------------------------------------
     0 | D:1      | CornPuffBuddha the Gnoll Hunter began the quest for the
                  | Orb.
     0 | D:1      | Reached XP level 1. HP: 20/20 MP: 1/1
   110 | D:1      | Reached XP level 2. HP: 26/26 MP: 2/2
   134 | D:1      | Found a faded altar of an unknown god.
   622 | D:2      | Reached XP level 3. HP: 31/31 MP: 3/3
   670 | D:2      | Found Sokky's Weapon Shop.
   749 | D:2      | Reached skill level 1 in Invocations
   826 | D:2      | Reached skill level 1 in Short Blades
   826 | D:2      | Reached skill level 1 in Long Blades
   826 | D:2      | Reached skill level 1 in Axes
   826 | D:2      | Reached skill level 1 in Maces & Flails
   826 | D:2      | Reached skill level 1 in Polearms
   826 | D:2      | Reached skill level 1 in Staves
   826 | D:2      | Reached skill level 1 in Throwing
   826 | D:2      | Reached skill level 1 in Armour
   826 | D:2      | Reached skill level 1 in Shields
   826 | D:2      | Reached skill level 1 in Unarmed Combat
   826 | D:2      | Reached skill level 1 in Spellcasting
   826 | D:2      | Reached skill level 1 in Evocations
   855 | D:2      | Reached XP level 4. HP: 38/38 MP: 5/5
   985 | D:2      | Identified the +1 robe "Zuimmev" {Int+3 Slay+3 Stlth+}
  1048 | D:2      | Noticed Robin
  1073 | D:2      | Killed Robin
  1074 | D:2      | Reached skill level 1 in Conjurations
  1074 | D:2      | Reached skill level 1 in Hexes
  1074 | D:2      | Reached skill level 1 in Summonings
  1074 | D:2      | Reached skill level 1 in Necromancy
  1074 | D:2      | Reached skill level 1 in Translocations
  1074 | D:2      | Reached skill level 1 in Transmutations
  1074 | D:2      | Reached skill level 1 in Fire Magic
  1074 | D:2      | Reached skill level 1 in Ice Magic
  1074 | D:2      | Reached skill level 1 in Air Magic
  1074 | D:2      | Reached skill level 1 in Earth Magic
  1074 | D:2      | Reached skill level 1 in Poison Magic
  1324 | D:3      | Found a broken altar of Ashenzari.
  1496 | D:3      | Reached XP level 5. HP: 33/43 MP: 7/7
  1810 | D:3      | Found an ornate altar of the Wu Jian Council.
  1810 | D:3      | Found a faded altar of an unknown god.
  1817 | D:3      | Found a blossoming altar of Fedhas.
  1819 | D:3      | Found a white marble altar of Elyvilon.
  1821 | D:3      | Found a faded altar of an unknown god.
  1837 | D:3      | Prayed at the altar of an unknown god.
  1837 | D:3      | Became a worshipper of Gozag Ym Sagoz the Greedy
  1982 | D:3      | Noticed Terence
  1988 | D:3      | Killed Terence
  1989 | D:3      | Reached XP level 6. HP: 50/50 MP: 8/8
  2402 | D:4      | Noticed Menkaure
  2410 | D:4      | Reached skill level 5 in Fighting
  2410 | D:4      | Reached skill level 5 in Dodging
  2411 | D:4      | Killed Menkaure
  2608 | D:4      | Reached XP level 7. HP: 56/56 MP: 10/10
  2713 | D:4      | Found an opulent altar of Gozag.
  2713 | D:4      | Found a bloodstained altar of Trog.
  2742 | D:4      | Noticed Grinder
  2745 | D:4      | Paralysed by Grinder for 5 turns
  2773 | D:4      | Killed Grinder
  2774 | D:4      | Reached skill level 9 in Ranged Weapons
  2849 | D:4      | Found a staircase to the Ecumenical Temple.
  3034 | D:5      | Entered Level 5 of the Dungeon
  3390 | D:5      | Reached XP level 8. HP: 50/63 MP: 12/12
  3685 | D:5      | HP: 2/63 [killer bee (7)]
  3685 | D:5      | Mangled by a killer bee

Illustrated notes

Levels and vault maps discovered:
D:1:      nzn_arrival_water_spiral, layout_basic,
          hellmonk_ecumenical_altar_arch_garden
D:2:      layout_basic, serial_shops, shop, uniq_robin
D:3:      layout_basic, chequers_temple_overflow_minitemple, ashenzari_altar_1,
          nicolae_grassy_gnolls, uniq_terence
D:4:      layout_rooms, mainiacjoe_overflow_divided_tiny,
          minmay_temple_entry_proselytizer, kennysheep_dice, uniq_menkaure,
          uniq_grinder
D:5:      minmay_chambers_of_fours, layout_gridville,
          mainiacjoe_overflow_24_doors

Skill      XL: |  1  2  3  4  5  6  7  8 |
---------------+-------------------------+-----
Invocations    | 1 2 3 |  3.5
Short Blades   | 1 2 3 |  3.1
Long Blades    | 1 2 3 |  3.1
Axes           | 1 2 3 |  3.1
Maces & Flails | 1 2 3 |  3.1
Polearms       | 1 2 3 |  3.1
Staves         | 1 2 3 |  3.1
Throwing       | 1 2 3 |  3.1
Armour         | 1 2 3 |  3.1
Shields        | 1 2 3 |  3.1
Unarmed Combat | 1 2 3 |  3.1
Spellcasting   | 1 2 3 |  3.1
Evocations     | 1 2 3 |  3.1
Conjurations   | 1 2 |  2.5
Hexes          | 1 2 |  2.5
Summonings     | 1 2 |  2.5
Necromancy     | 1 2 |  2.5
Translocations | 1 2 |  2.5
Transmutations | 1 2 |  2.5
Fire Magic     | 1 2 |  2.5
Ice Magic      | 1 2 |  2.5
Air Magic      | 1 2 |  2.5
Earth Magic    | 1 2 |  2.5
Poison Magic   | 1 2 |  2.5
Stealth        | 3 4 |  4.0
Fighting       | 5 |  5.6
Dodging        | 5 |  5.6
Ranged Weapons | 9 |  9.1

Action                     |  1- 3 |  4- 6 |  7- 9 || total
---------------------------+-------+-------+-------++-------
   Fire: Shortbow          |   104 |   163 |   107 ||   374
    Use: Scroll            |       |     1 |       ||     1
         Potion            |       |       |     1 ||     1
 Armour: Leather armour    |     8 |     9 |    12 ||    29
  Dodge: Dodged            |    18 |    38 |    46 ||   102

Table legend: (Time is in decaauts)
 A = Elapsed time spent in this place.
 B = Non-inter-level travel time spent in this place.
 C = Inter-level travel time spent in this place.
 D = Time resting spent in this place.
 E = Time spent auto-exploring this place.
 F = Levels seen in this place.
 G = Mean time per level.
                   A        B        C        D        E       F      G
               +--------+--------+--------+--------+--------+-----+--------+
         Total |   3726 |   3663 |     63 |    587 |   2381 |   5 |  745.2 |
       Dungeon |   3726 |   3663 |     63 |    587 |   2381 |   5 |  745.2 |
               +--------+--------+--------+--------+--------+-----+--------+

Top non-repeatable levels by time:
     D:3: 1053 daAuts
     D:2: 702 daAuts
     D:4: 686 daAuts
     D:5: 656 daAuts
     D:1: 628 daAuts
